 Dungeon Crawl Stone Soup version 0.21-a0-496-g696f58f (webtiles) character file.

6 slep the Magician (level 1, -3/13 HPs)
             Began as a Demonspawn Wanderer on Nov 24, 2017.
             Slain by a kobold
             ... wielding a +0 dagger
              (4 damage)
             ... on level 1 of the Dungeon.
             The game lasted 00:01:37 (276 turns).

slep the Magician (Demonspawn Wanderer)              Turns: 276, Time: 00:01:38

Health: -3/13      AC:  2    Str: 11    XL:     1   Next: 75%
Magic:  4/4        EV:  8    Int: 15    God:
Gold:   119        SH:  6    Dex: 11    Spells: 6/6 levels left

rFire    . . .     SeeInvis .   e - +0 club
rCold    . . .     Gourm    .   h - +0 shield
rNeg     . . .     Faith    .   d - +0 robe
rPois    .         Spirit   .   (no helmet)
rElec    .         Reflect  .   (no cloak)
rCorr    .         Harm     .   (no gloves)
MR       .....                  (no boots)
Stlth    +.........             (no amulet)
HPRegen  0.04/turn              (no ring)
MPRegen  0.09/turn              (no ring)

@: no status effects
A: no striking features
a: no special abilities


You were on level 1 of the Dungeon.
You were not hungry.

You visited 1 branch of the dungeon, and saw 1 of its levels.

You collected 119 gold pieces.

Inventory:

Hand Weapons
 e - a +0 club (weapon)
Armour
 d - a +0 robe (worn)
 h - a +0 shield (worn)
Potions
 c - a potion of lignification
Books
 a - a book of Minor Magic

   Spells                             Type                      Level
   a - Magic Dart                     Conjuration                  1
   b - Blink                          Translocation                2
   c - Call Imp                       Summoning                    2
   d - Slow                           Hexes                        2
   e - Conjure Flame                  Conjuration/Fire             3
   f - Mephitic Cloud                 Conjuration/Poison/Air       3
 b - the Tome of the Birds

   Spells                             Type                      Level
   a - Shock                          Conjuration/Air              1
   b - Mephitic Cloud                 Conjuration/Poison/Air       3
Comestibles
 f - a bread ration
 g - a meat ration


   Skills:
 + Level 1.0 Stealth
 + Level 3.3 Spellcasting
   Level 1.7 Air Magic
   Level 1.0 Earth Magic
   Level 2.0 Poison Magic
   Level 1.0 Evocations


You had 6 spell levels left.
You didn't know any spells.

Dungeon Overview and Level Annotations

Branches:
Dungeon (1/15)

Altars:


Message History

You hit the kobold but do no damage. The kobold hits you with a dagger.
* * * LOW HITPOINT WARNING * * *
You closely miss the kobold. You block the kobold's attack.
The kobold hits you but does no damage.
A frilled lizard comes into view.
You closely miss the kobold. The kobold hits you but does no damage.
You closely miss the kobold. You block the kobold's attack.
You hit the kobold but do no damage. The kobold closely misses you.
The frilled lizard bites you.
* * * LOW HITPOINT WARNING * * *
The kobold hits you but does no damage.
The frilled lizard completely misses you.
You see here a ball python skeleton.
You hit the frilled lizard.
You kill the frilled lizard!
You hit the kobold but do no damage. The kobold hits you with a dagger.
* * * LOW HITPOINT WARNING * * *
The kobold hits you but does no damage.
You hit the kobold but do no damage. The kobold hits you with a dagger.
You die...

#.P...P# #.....# #.##.##
#.P...P# ##.#†## #.##.##
#.P.PPP## #...####......
#.##.)..# #.##...(....##
#.####..# #.##>########
### #.####..# #.##.# ...
#.......# #.##.####
##.########.####.......#
............@K....#.##.#
###.#.##.##.#####....##.#
... #.#.##.# #..####.#
#.###..##.# #.......#
#.#.####.# #...#####
##.#####.# #...#
#######........# #...#
.....#..).###### #...#
..........# #...#


You could see a kobold.

Vanquished Creatures
  2 goblins (D:1)
  2 ball pythons (D:1)
  A bat (D:1)
  A frilled lizard (D:1)
  A kobold (D:1)
  A fungus (D:1)
8 creatures vanquished.

Notes
Turn   | Place    | Note
-------+----------+-------------------------------------------
     0 | D:1      | slep the Demonspawn Wanderer began the quest for the Orb.
     0 | D:1      | slep set off with: a book of Minor Magic, the Tome of the Birds, a potion of lignification, a +0 robe, a +0 club, a bread ration
     0 | D:1      | Reached XP level 1. HP: 13/13 MP: 4/4
   276 | D:1      | Slain by a kobold

Vault maps used:
D:1:      dpeg_arrival_simpleton_c, minmay_gold_behind_fungi,
          kennysheep_minor_cross

Action                   || total
-------------------------++-------
Melee: Club              ||    63
 Stab: Sleeping          ||     1
Armor: Robe              ||    13
Dodge: Dodged            ||    16
Block: Shield            ||    13

Table legend:
 A = Spawn XP
 B = Non-spawn XP
 C = Spawn XP percentage of total XP
 D = Spawn monster count
 E = Non-spawn monster count
 F = Spawn count percentage of total count
 G = Total turns spent on level
                    A         B        C        D         E        F      G
               +---------+---------+-------+---------+---------+-------+---------
         Total |       0 |       9 |   0.0 |       0 |       7 |   0.0 |   276
               +---------+---------+-------+---------+---------+-------+---------
           D:1 |       0 |       9 |   0.0 |       0 |       7 |   0.0 |   276
               +---------+---------+-------+---------+---------+-------+---------
